 Dungeon Crawl Stone Soup version 0.28.0-47-ge53b351184 (webtiles) character file.

Game seed: 13588623996745678628

1372 nickcage the Arsonist (level 8, -1/41 HPs)
             Began as a Deep Elf Fire Elementalist on May 2, 2022.
             Killed from afar by an electric eel (12 damage)
             ... with a bolt of electricity
             ... on level 6 of the Dungeon.
             The game lasted 00:21:53 (7230 turns).

nickcage the Arsonist (Deep Elf Fire Elementalist)  Turns: 7230, Time: 00:21:54

Health: -1/41      AC:  3    Str:  5    XL:     8   Next: 38%
Magic:  12/20      EV: 16    Int: 23    God:
Gold:   159        SH:  0    Dex: 15    Spells: 7/20 levels left

rFire   . . .      SeeInvis .   m - +2 short sword (speed)
rCold   . . .      Faith    .   (no shield)
rNeg    . . .      Spirit   .   a - +0 robe
rPois   .          Reflect  .   h - +0 helmet
rElec   .          Harm     .   (no cloak)
rCorr   .          Rampage  .   (no gloves)
Will    +....                   (no boots)
Stlth   ++........              (no amulet)
HPRegen 0.13/turn               n - +4 ring of evasion
MPRegen 0.17/turn               r - ring of willpower

@: no status effects
A: no striking features
a: no special abilities


You were on level 6 of the Dungeon.
You visited 1 branch of the dungeon, and saw 6 of its levels.

You collected 159 gold pieces.

Inventory:

Hand Weapons
 d - a +0 dagger
 m - a +2 short sword of speed (weapon)
Missiles
 b - 13 poisoned darts
Armour
 a - a +0 robe (worn)
 h - a +0 helmet (worn)
Jewellery
 n - a +4 ring of evasion (left hand)
 r - a ring of willpower (right hand)
 w - a +4 ring of slaying
Wands
 u - a wand of flame (6)
Scrolls
 e - 3 scrolls of identify {unknown}
 f - 2 scrolls of vulnerability {unknown}
 g - a scroll of immolation {unknown}
 i - 2 scrolls of magic mapping {unknown}
 l - a scroll of fog {unknown}
 o - a scroll of acquirement {unknown}
 q - a scroll of fear {unknown}
 v - 2 scrolls of teleportation {unknown}
Potions
 j - a potion of attraction {unknown}
 k - a potion of lignification {unknown}
 p - 2 potions of brilliance {unknown}
 s - a potion of haste {unknown}
 t - a potion of curing {unknown}
 x - a potion of degeneration {unknown}


   Skills:
 - Level 2.4 Dodging
 - Level 2.4 Stealth
 * Level 6.8 Spellcasting
 * Level 5.0 Conjurations
 - Level 9.0 Fire Magic
 - Level 2.0 Ice Magic


You had 7 spell levels left.
You knew the following spells:

 Your Spells              Type           Power      Damage    Failure   Level
a - Foxfire               Conj/Fire      100%       2x1d9     1%          1
b - Scorch                Fire           98%        2d10      1%          2
c - Conjure Flame         Conj/Fire      40%        6-21      1%          3
d - Flame Wave            Conj/Fire      40%        2d9       4%          4
e - Frozen Ramparts       Ice            34%        1d5       10%         3

Your spell library contained the following spells:

 Spells                   Type           Power      Damage    Failure   Level
 Inner Flame              Hex/Fire       28%        N/A       3%          3
 Corpse Rot               Necr/Air       14%        N/A       12%         2
 Poisonous Vapours        Pois/Air       14%        N/A       12%         2
 Gell's Gravitas          Tloc           7%         N/A       24%         3
 Lesser Beckoning         Tloc           7%         N/A       24%         3
 Summon Guardian Golem    Hex/Summ       7%         N/A       24%         3
 Teleport Other           Tloc           7%         N/A       24%         3
 Ice Form                 Ice/Tmut       12%        N/A       45%         4
 Summon Ice Beast         Ice/Summ       12%        N/A       45%         4
 Cause Fear               Hex            3%         N/A       61%         4
 Orb of Destruction       Conj           15%        9d7       100%        7
 Spellforged Servitor     Conj/Summ      9%         N/A       100%        7
 Discord                  Hex            3%         N/A       100%        8


Dungeon Overview and Level Annotations

Branches:
Dungeon (6/15)
 Temple: D:4-7

Altars:
Hepliaklqana


Message History

A centaur comes into view.
You hear the slow rusting of a very distant drain.
You start resting.
A howler monkey is nearby!
You hear the rusting of a very distant drain.
The howler monkey hits the plant!
The plant begins to die.
A nearby plant withers and dies.
The howler monkey howls!
Flames lash the howler monkey.
The howler monkey is severely wounded.
The howler monkey's fire resistance burns away.
Flames lash the howler monkey.
The howler monkey is burned terribly!
You kill the howler monkey!
An ogre comes into view. It is wielding a +0 giant spiked club.
Flames lash the ogre.
The ogre is severely wounded.
The ogre's fire resistance burns away.
A white imp comes into view.
Flames lash the ogre.
The ogre is burned terribly!
You kill the ogre!
The white imp shouts!
You hear a shout!
An electric eel comes into view.
Your Conjurations skill increases to level 5!
The white imp gestures at you. The puff of frost hits you!
You can't see any susceptible monsters within range! (Use Z to cast anyway.) Flames lash the white imp.
The white imp is burned terribly!
You kill the white imp!
An orc comes into view. It is wielding a +0 flail.
The orc shouts!
You hear a shout!
The electric eel shoots out a bolt of lightning at you!
The bolt of electricity hits the orc!
The orc dies!
The bolt of electricity hits you!
An orc comes into view. It is wielding a +0 flail.
The electric eel shoots out a bolt of lightning at you!
The bolt of electricity hits you!
* * * LOW HITPOINT WARNING * * *
The bolt of electricity hits you!
You die...

#.# #.)≈≈≈≈≈≈≈≈≈h #.#
#..P≈≈≈≈≈≈≈≈≈ #.#
#...≈≈≈≈≈≈≈≈≈ #.#
#...≈≈P≈≈≈≈≈≈ #.#
#...P≈P≈P≈≈≈
#.###...P≈P≈P≈≈
#......≈≈P≈≈≈≈ #
#.#....≈≈≈≈PP≈
#.###.##@#....######♣
.........##...#
.P.♣...########
P≈≈SP.. ≈≈≈.≈).
≈.o≈≈.. .≈≈S≈≈♣
≈≈≈≈≈≈ ≈♣≈≈≈≈


You could see 2 electric eels and an orc.

Vanquished Creatures
  An ice beast (D:6)
  2 ogres
  A kobold brigand (D:6)
  4 scorpions
  A water moccasin skeleton (D:4)
  5 wights (D:5)
  2 howler monkeys
  2 hounds
  2 orc priests
  A gnoll shaman (D:5)
  An iguana (D:4)
  Robin (D:1)
  11 gnolls
  9 adders
  A white imp (D:6)
  4 worms
  2 dart slugs
  10 orcs
  3 ball pythons
  7 endoplasms
  2 giant cockroaches
  9 goblins
  10 hobgoblins
  4 jackals (D:3)
  4 quokkas
  2 bats
  9 frilled lizards
  7 kobolds
  2 rats
119 creatures vanquished.

Vanquished Creatures (others)
  An orc (D:6)
  13 foxfires
  38 plants
52 creatures vanquished.

Grand Total: 171 creatures vanquished

Notes
Turn   | Place    | Note
-------+----------+-------------------------------------------
     0 | D:1      | nickcage the Deep Elf Fire Elementalist began the quest for
                  | the Orb.
     0 | D:1      | Reached XP level 1. HP: 10/10 MP: 6/6
   131 | D:1      | Found a faded altar of an unknown god.
   669 | D:1      | Reached XP level 2. HP: 15/15 MP: 5/8
   672 | D:1      | Learned a level 2 spell: Scorch
  1128 | D:2      | Noticed Robin
  1130 | D:2      | Reached skill level 4 in Fire Magic
  1591 | D:1      | Killed Robin
  1592 | D:1      | Reached XP level 3. HP: 12/19 MP: 0/10
  2257 | D:2      | Reached XP level 4. HP: 24/24 MP: 9/12
  2261 | D:2      | Learned a level 3 spell: Conjure Flame
  2791 | D:3      | Reached skill level 5 in Fire Magic
  2958 | D:3      | Noticed a scorpion
  2962 | D:3      | Killed a scorpion
  2963 | D:3      | Reached XP level 5. HP: 28/28 MP: 8/13
  3219 | D:3      | Reached skill level 6 in Fire Magic
  3700 | D:3      | Reached XP level 6. HP: 32/32 MP: 3/14
  4832 | D:4      | Reached skill level 7 in Fire Magic
  5300 | D:5      | Entered Level 5 of the Dungeon
  5314 | D:5      | Reached XP level 7. HP: 36/36 MP: 5/15
  5389 | D:4      | Learned a level 4 spell: Flame Wave
  5393 | D:4      | Learned a level 3 spell: Frozen Ramparts
  5472 | D:5      | Reached skill level 8 in Fire Magic
  5847 | D:5      | Reached skill level 1 in Ice Magic
  6109 | D:5      | Found a hazy altar of Hepliaklqana.
  6440 | D:5      | Reached skill level 9 in Fire Magic
  6699 | D:5      | Reached XP level 8. HP: 20/41 MP: 7/16
  7104 | D:6      | Reached skill level 5 in Spellcasting
  7219 | D:6      | Reached skill level 5 in Conjurations
  7230 | D:6      | Killed from afar by an electric eel

Illustrated notes

Levels and vault maps discovered:
D:1:      onia_arrival_pentagram, layout_basic,
          hellmonk_ecumenical_altar_leap_of_faith, kennysheep_minor_cross,
          chequers_serial_rivers_micro_e
D:2:      layout_loops_ring, uniq_robin
D:3:      layout_loops_ring, chequers_decorated_corner
D:4:      layout_cave_pools, minmay_lizard_king
D:5:      layout_cave_pools, overflow_temple_1_default
D:6:      layout_loops_ring, minmay_temple_entry_from_below_a, serial_bayou,
          serial_bayou_lagoon_a, serial_bayou_shore_a, serial_bayou_lake_a,
          serial_bayou_pond_b, gup_sewer_entry_pipe

Skill      XL: |  1  2  3  4  5  6  7  8 |
---------------+-------------------------+-----
Fire Magic     | 4 5 6 7 9 |  9.0
Spellcasting   | 4 6 |  6.8
Conjurations   | 2 3 4 5 |  5.0
Ice Magic      | 2 |  2.0
Dodging        | |  2.4
Stealth        | |  2.4

Action                   |  1- 3 |  4- 6 |  7- 9 || total
-------------------------+-------+-------+-------++-------
Melee: Dagger            |     7 |       |       ||     7
       Short sword       |       |     4 |       ||     4
Throw: Dart              |       |     8 |       ||     8
 Cast: Foxfire           |     8 |     1 |       ||     9
       Scorch            |    37 |    92 |    47 ||   176
       Conjure Flame     |       |     3 |       ||     3
  Use: Scroll            |       |       |     1 ||     1
 Stab: Sleeping          |     3 |       |       ||     3
Armor: Robe              |     8 |     6 |       ||    14
Dodge: Dodged            |    19 |    17 |    17 ||    53
